 Dungeon Crawl Stone Soup version 0.27.1-1-g398f81649c (webtiles) character file.

Game seed: 7545711219411231102

42 rel the Cutter (level 3, 0/24 HPs)
             Began as a Kobold Berserker on Sept 7, 2021.
             Was a Follower of Trog.
             Slain by a quokka (1 damage)
             ... on level 2 of the Dungeon.
             The game lasted 00:01:12 (1193 turns).

rel the Cutter (Kobold Berserker)                   Turns: 1193, Time: 00:01:12

Health: 0/24       AC:  2    Str: 15    XL:     3   Next: 80%
Magic:  3/3        EV: 15    Int:  8    God:    Trog [*.....]
Gold:   73         SH:  0    Dex: 14    Spells: 2/2 levels left

rFire    . . .     SeeInvis .   d - +0 dagger (drain)
rCold    . . .     Faith    .   (shield restricted)
rNeg     . . .     Spirit   .   b - +0 animal skin
rPois    .         Reflect  .   (no helmet)
rElec    .         Harm     .   (no cloak)
rCorr    .         Rampage  .   (no gloves)
Will     .....                  (no boots)
Stlth    +++.......             (no amulet)
HPRegen  0.08/turn              (no ring)
MPRegen  0.08/turn              (no ring)

@: on berserk cooldown, flying, hasted and slowed
A: small, no large weapons, nightstalker 3
a: Renounce Religion, Berserk


You were on level 2 of the Dungeon.
You worshipped Trog.
Trog was aware of your devotion.
You visited 1 branch of the dungeon, and saw 2 of its levels.

You collected 73 gold pieces.

Inventory:

Hand Weapons
 d - a +0 dagger of draining (weapon)
Armour
 b - a +0 animal skin (worn)
Jewellery
 h - a +6 ring of strength
Scrolls
 a - a scroll of identify {unknown}
 c - a scroll of magic mapping {unknown}
 i - a scroll of teleportation {unknown}
Potions
 e - a potion of flight
 f - a potion of degeneration {unknown}
 g - a potion of heal wounds {unknown}


   Skills:
 + Level 3.9 Fighting
 + Level 4.5 Short Blades
 + Level 1.7 Armour
 + Level 2.8 Dodging
 + Level 1.8 Stealth


You had 2 spell levels left.
You didn't know any spells.
Your spell library was empty.

Dungeon Overview and Level Annotations

Branches:
Dungeon (2/15)

Altars:


Innate Abilities, Weirdness & Mutations

You are small and have problems with some larger weapons.
You are completely attuned to the shadows.


Message History

You puncture the goblin!
You feel the power of Trog in you as your rage grows.
You kill the goblin!
Trog accepts your kill.
You closely miss the goblin. You hit the goblin.
You kill the goblin!
Trog accepts your kill.
You hit the hobgoblin. You drain the hobgoblin.
You kill the hobgoblin!
Trog accepts your kill.
You are no longer berserk.
You are exhausted.
You feel yourself slow down.
A quokka comes into view.
The goblin hits you with a +0 dagger.
* * * LOW HITPOINT WARNING * * *
The quokka moves out of view.
Items here: ( ))).
You closely miss the goblin. The goblin hits you with a +0 dagger.
* * * LOW HITPOINT WARNING * * *
You hit the goblin.
You kill the goblin!
Trog accepts your kill.
You hit the quokka.
The quokka is moderately wounded.
The quokka closely misses you.
You closely miss the quokka.
The quokka is moderately wounded.
The quokka closely misses you. The quokka barely misses you.
You barely miss the quokka.
The quokka is moderately wounded.
The quokka barely misses you.
It was a potion of flight.
You feel very buoyant.
You fly up into the air.
The quokka closely misses you. The quokka bites you.
* * * LOW HITPOINT WARNING * * *
A hobgoblin comes into view.
You feel yourself speed up. The quokka bites you.
You die...

g8..... ..... ...
#########r#
#......##@##
####......##.)####
#..........))†....
#..........##..###
#............#.#
#............#..#
##########...##.#
##...# #.....##


You could see a quokka and a hobgoblin (wandering).

Vanquished Creatures
  Robin (D:2)
  An adder (D:2)
  2 ball pythons
  2 giant cockroaches
  5 goblins (D:2)
  5 hobgoblins
  2 bats (D:1)
  2 rats
20 creatures vanquished.

Vanquished Creatures (others)
  A demonic plant (D:2)
1 creature vanquished.

Grand Total: 21 creatures vanquished

Notes
Turn   | Place    | Note
-------+----------+-------------------------------------------
     0 | D:1      | rel the Kobold Berserker began the quest for the Orb.
     0 | D:1      | Reached XP level 1. HP: 14/14 MP: 1/1
   613 | D:1      | Reached XP level 2. HP: 16/19 MP: 2/2
  1153 | D:2      | Reached skill level 1 in Stealth
  1161 | D:2      | Noticed Robin
  1171 | D:2      | Reached XP level 3. HP: 17/24 MP: 3/3
  1172 | D:2      | Killed Robin
  1192 | D:2      | HP: 1/24 [quokka (3)]
  1193 | D:2      | Slain by a quokka

Illustrated notes

Levels and vault maps discovered:
D:1:      dpeg_arrival_tiny_f, layout_basic
D:2:      layout_basic, dreamdust_ecumenical_altar_sealed_demon,
          chequers_avenue, grunt_ministairs_10, uniq_robin, uniq_jessica

Skill      XL: |  1  2 |
---------------+-------+-----
Stealth        | 1 |  1.8
Fighting       | |  3.9
Short Blades   | |  4.5
Armour         | |  1.7
Dodging        | |  2.8

Action                   || total
-------------------------++-------
Melee: Short sword       ||     9
       Dagger            ||    44
Invok: Berserk           ||     1
  Use: Potion            ||     2
 Stab: Sleeping          ||     3
Armor: Animal skin       ||     6
Dodge: Dodged            ||    57
